Map: Polka LE

Players

Airea

  • Race: Protoss Protoss
  • League: Diamond
  • Spawn Location: 11:00

Stephan

  • Race: Terran Terran
  • Spawn Location: 11:00

qqq - Winner!

  • Race: Zerg Zerg
  • League: Platinum
  • Spawn Location: 5:00

Massa - Winner!

  • Race: Terran Terran
  • League: Platinum
  • Spawn Location: 5:00

VOD

Have the link to the VOD?

Description

Time

  • Played on: Dec. 9, 2020, 2:24 p.m.
  • Length: 5:02
Show
View Real Time Build Order
Export as new Build Order

Airea Protoss 

Build Orders:  

Get SALT Encoding   

  12  0:00  Probe  
  13  0:12  Probe  
  14  0:23  Pylon  
  14  0:26  Probe  
  15  0:44  Probe (Chrono Boost)  
  15  0:45  Gateway  
  16  0:50  Assimilator  
  16  0:55  Probe (Chrono Boost)  
  17  1:00  Probe (Chrono Boost)  
  18  1:11  Probe  
  19  1:23  Probe  
  20  1:26  Pylon  
  20  1:29  Assimilator  
  20  1:35  Probe, Zealot  
  23  1:47  Probe, Cybernetics Core  
  24  1:59  Probe  
  25  2:17  Probe  
  26  2:22  Adept (Chrono Boost)  
  28  2:40  Probe  
  29  2:47  Adept  
  31  2:55  Warp Gate  
  31  2:57  Twilight Council  
  31  2:58  Nexus  
  31  3:00  Pylon  
  31  3:15  Probe  
  30  3:20  Pylon  
  30  3:26  Stalker (Chrono Boost)  
  30  3:27  Probe  
  33  3:39  Probe  
  34  3:42  Gateway  
  34  3:47  Gateway  
  30  4:03  Probe  
  31  4:23  Pylon  
  11  4:48  Adept x2  
Show
View Real Time Build Order
Export as new Build Order

Stephan Terran 

Build Orders:  

Get SALT Encoding   

  12  0:00  SCV  
  13  0:18  SCV  
  13  0:21  Supply Depot  
  14  0:30  SCV  
  15  0:42  SCV  
  16  0:43  Barracks  
  16  0:47  Refinery  
  16  0:54  SCV  
  17  1:06  SCV  
  18  1:19  SCV  
  19  1:31  SCV  
  20  1:37  Reaper  
  21  1:48  Orbital Command  
  21  1:49  Command Center  
  21  1:53  Supply Depot  
  21  2:09  Reaper  
  21  2:14  SCV  
  23  2:16  Refinery, Supply Depot  
  23  2:26  SCV  
  24  2:38  SCV  
  24  2:41  Reaper  
  26  2:50  SCV  
  27  2:55  Factory  
  27  3:02  SCV  
  28  3:08  Refinery, Orbital Command  
  28  3:10  Engineering Bay  
  28  3:13  Refinery  
  28  3:15  SCV  
  29  3:23  Marine  
  29  3:27  SCV  
  31  3:39  SCV  
  31  3:40  Missile Turret  
  32  3:42  Missile Turret  
  32  3:43  Starport  
  32  3:45  Widow Mine  
  33  3:51  SCV  
Show
View Real Time Build Order
Export as new Build Order

qqq Zerg - Winner!

Build Orders: Hatch First 

Get SALT Encoding   

  12  0:00  Drone  
  13  0:08  Drone  
  14  0:18  Overlord  
  14  0:46  Hatchery  
  13  0:51  Drone  
  13  0:52  Drone  
  15  0:57  Drone, Extractor  
  15  1:03  Drone  
  16  1:22  Spawning Pool  
  15  1:26  Drone  
  15  1:27  Drone  
  17  1:42  Drone  
  18  1:55  Drone  
  18  1:59  Drone  
  20  2:05  Drone  
  21  2:10  Queen  
  21  2:11  Queen  
  21  2:12  Drone  
  26  2:20  Metabolic Boost  
  26  2:26  Overlord  
  26  2:30  Drone  
  26  2:35  Zergling x2  
  28  2:38  Overlord  
  28  2:44  Zergling x2  
  28  2:46  Zergling x4  
  31  2:59  Zergling x2  
  31  3:01  Zergling x2  
  33  3:19  Zergling x4  
  34  3:20  Zergling x4  
  36  3:28  Zergling x2  
  36  3:29  Zergling x2  
  38  3:35  Zergling x6  
  38  3:36  Zergling x2  
  42  3:50  Zergling x2  
  43  3:56  Overlord  
  43  3:57  Overlord x2  
  43  4:02  Overlord  
  43  4:03  Overlord  
  43  4:21  Zergling x6  
  43  4:22  Hatchery, Zergling x6  
  46  4:33  Zergling x2  
  46  4:34  Zergling x2  
Show
View Real Time Build Order
Export as new Build Order

Massa Terran - Winner!

Build Orders:  

Get SALT Encoding   

  12  0:00  SCV  
  13  0:12  SCV  
  14  0:24  SCV  
  15  0:29  Supply Depot  
  15  0:42  Refinery  
  15  0:50  SCV  
  16  0:57  Barracks  
  16  1:04  SCV  
  18  1:18  SCV  
  18  1:23  Barracks  
  18  1:30  SCV  
  19  1:42  SCV  
  19  1:45  Barracks Tech Lab  
  20  1:57  Orbital Command  
  20  2:04  Marauder, Concussive Shells  
  22  2:10  Barracks Tech Lab  
  22  2:27  Supply Depot  
  22  2:28  Supply Depot  
  22  2:31  SCV  
  22  2:33  Marauder  
  22  2:34  Marauder  
  27  2:39  Supply Depot  
  27  2:41  Supply Depot  
  26  2:54  SCV  
  26  2:55  Marauder  
  29  3:13  Marauder  
  29  3:16  Marauder  
  33  3:31  Factory  
  33  3:35  Marauder  
  35  3:54  Marauder  
  37  4:05  Marauder  
  37  4:29  Marauder x2  
Tags
 
Add a new tag
Caveats
  • Supply blocks, unpowered buildings, or Contaminate may cause inaccurate times.
  • Supply counts are checked every 10 seconds.